[Event "9th Amsterdam Science Park B 2019"]
[Site "Amsterdam"]
[Date "2019.07.14"]
[Round "9.8"]
[White "Cohn, Samuel"]
[Black "Hagen, Tejo"]
[Result "1-0"]
[ECO "A85"]
[WhiteElo "1679"]
[BlackElo "1659"]
[Annotator "NA"]
[PlyCount "117"]
[EventDate "2019.07.06"]
[EventType "swiss"]
[EventCountry "NED"]
[SourceTitle "playchess.com"]
[Source "ChessBase"]
[SourceQuality "1"]
[TimeControl "40/5400+30:1800+30"]

1. d4 f5 2. c4 Nf6 3. Nc3 e6 4. g3 d5 5. Bg2 c6 6. Nh3 Bd6 7. O-O O-O 8. f3 e5 9. cxd5 exd4 10. dxc6 Nxc6 11. Nb5 Bc5 12. Kh1 Be6 13. Bd2 Rc8 14. Nf4 Bf7 15. Rc1 Be7 16. Qc2 a6 17. Na3 Bxa2 18. Qxf5 Qd7 19. Qxd7 Nxd7 20. Bh3 Nce5 21. Nc2 Bc5 22. Be6+ Bxe6 23. Nxe6 Rfe8 24. Nxc5 Rxc5 25. Nxd4 Rd5 26. Bc3 Nc4 27. e4 Rc5 28. Bb4 Rcc8 29. Nf5 Kf7 30. b3 g6 31. Rxc4 gxf5 32. exf5 Rxc4 33. bxc4 Rc8 34. Rd1 Ne5 35. c5 Rc7 36. Kg2 Nc6 37. Bc3 Ne7 38. Bd4 Nxf5 39. Bf2 Re7 40. g4 Ne3+ 41. Bxe3 Rxe3 42. Rb1 Re7 43. Rb6 Rc7 44. c6 bxc6 45. Rxa6 Kg6 46. f4 Kf6 47. Kf3 Ke6 48. Ke4 Kd6 49. f5 Re7+ 50. Kf4 Kd5 51. Kg5 c5 52. Kf6 Rc7 53. g5 c4 54. g6 c3 55. g7 Rc8 56. Ra1 Kd4 57. Kf7 Rc7+ 58. Kg8 Ke5 59. Kh8 1-0

[Event "9th Amsterdam Science Park B 2019"]
[Site "Amsterdam"]
[Date "2019.07.14"]
[Round "9.9"]
[White "Kastanieda, Alla"]
[Black "Boons, Joris"]
[Result "1-0"]
[ECO "A46"]
[WhiteElo "1339"]
[BlackElo "1512"]
[Annotator "NA"]
[PlyCount "53"]
[EventDate "2019.07.06"]
[EventType "swiss"]
[EventCountry "NED"]
[SourceTitle "playchess.com"]
[Source "ChessBase"]
[SourceQuality "1"]
[TimeControl "40/5400+30:1800+30"]

1. d4 Nf6 2. Nf3 d5 3. c4 g6 4. cxd5 Nxd5 5. e4 Nf6 6. Nc3 Bg7 7. Be2 O-O 8. O-O e6 9. Qc2 Nbd7 10. Rd1 Qe7 11. Bf4 c5 12. dxc5 Nxc5 13. Bd6 Qe8 14. Bxc5 Bd7 15. Bxf8 Bxf8 16. Qb3 b6 17. Ne5 Bc8 18. Bb5 Qe7 19. Nc6 Qc5 20. Na4 Qh5 21. e5 Ng4 22. Qh3 Qf5 23. f3 Qc2 24. Qxg4 a6 25. Rac1 Qxc1 26. Rxc1 axb5 27. Nxb6 1-0

[Event "9th Amsterdam Science Park B 2019"]
[Site "Amsterdam"]
[Date "2019.07.14"]
[Round "9.10"]
[White "Belozerova, Olga"]
[Black "Lange, Rob"]
[Result "1/2-1/2"]
[ECO "D02"]
[WhiteElo "1276"]
[BlackElo "1293"]
[Annotator "NA"]
[PlyCount "57"]
[EventDate "2019.07.06"]
[EventType "swiss"]
[EventCountry "NED"]
[SourceTitle "playchess.com"]
[Source "ChessBase"]
[SourceQuality "1"]
[TimeControl "40/5400+30:1800+30"]

1. d4 Nf6 2. Nf3 d5 3. Bf4 Nbd7 4. Nc3 c5 5. e3 cxd4 6. exd4 a6 7. Bd3 e6 8. O-O Be7 9. Ne2 b5 10. c3 Nb6 11. Ne5 Bb7 12. Qb3 O-O 13. Rac1 Rc8 14. Bb1 Bd6 15. Qc2 g6 16. Qd3 Nh5 17. Bh6 Re8 18. Qf3 Bxe5 19. dxe5 Nd7 20. Qe3 Qc7 21. f4 Ng7 22. Bxg7 Kxg7 23. Rf3 Qb6 24. Qxb6 Nxb6 25. Rg3 Rc7 26. Bc2 Rec8 27. Bb3 Nc4 28. Bxc4 Rxc4 29. Rd3 1/2-1/2